 Dungeon Crawl Stone Soup version 0.19.0-20-gbc5f0c6 (webtiles) character file.

194 Jarno the Covered (level 6, 0/48 HPs)
             Began as a Formicid Fighter on Nov 16, 2016.
             Slain by an orc
             ... wielding a +0 dagger
              (3 damage)
             ... on level 3 of the Dungeon.
             The game lasted 00:02:37 (1945 turns).

Jarno the Covered (Formicid Fighter)                Turns: 1945, Time: 00:02:38

Health: 0/48       AC:  7    Str: 20 (21) XL:     6   Next: 3%
Magic:  6/6        EV:  8    Int: 10 (12) God:
Gold:   142        SH:  9    Dex:  9 (12) Spells: 0 memorised, 5 levels left

rFire  + . .     SeeInvis +     a - +0 war axe
rCold  + . .     Gourm    .     b - +0 scale mail
rNeg   . . .     Faith    .     c - +0 shield
rPois  +         Spirit   .     (helmet unavailable)
rElec  +         Reflect  .     (no cloak)
rCorr  +         Harm     .     (no gloves)
MR     .....                    (no boots)
Stlth  ..........               (no amulet)
                                (no ring)
                                (no ring)

@: brilliant, lethally poisoned (0 -> -11), resistant
A: permanent stasis, dig shafts and tunnels, four strong arms, antennae 3
a: Dig, Shaft Self


You were on level 3 of the Dungeon.
You were not hungry.

You visited 1 branch of the dungeon, and saw 3 of its levels.

You collected 142 gold pieces.

Inventory:

Hand Weapons
 a - a +0 war axe (weapon)
Armour
 b - a +0 scale mail (worn)
 c - a +0 shield (worn)
Jewellery
 j - an uncursed amulet of guardian spirit {unknown}
 m - an uncursed amulet of magic regeneration {unknown}
Scrolls
 e - a scroll of enchant armour {unknown}
 g - 2 scrolls of immolation {unknown}
 k - a scroll of enchant weapon {unknown}
 o - a scroll of identify {unknown}
 p - a scroll of remove curse {unknown}
 q - 4 scrolls of amnesia {unknown}
Potions
 d - a potion of might
Comestibles
 f - 2 bread rations
 h - 2 fruits
 i - 4 beef jerkies
 l - a meat ration
 r - a slice of pizza
 u - a chunk of flesh


   Skills:
 + Level 3.8 Fighting
 + Level 4.1 Axes
 + Level 4.3 Armour
 + Level 1.0 Dodging
 + Level 4.2 Shields


You had 5 spell levels left.
You didn't know any spells.

Dungeon Overview and Level Annotations

Branches:
Dungeon (3/15)

Altars:
Nemelex Xobeh
Uskayaw


Innate Abilities, Weirdness & Mutations

You are under a permanent stasis effect.
You can dig through walls and to a lower floor.
Your four strong arms can wield two-handed weapons with a shield.
You have a pair of large antennae on your head. (SInv)


Message History

* * * LOW HITPOINT WARNING * * *
You feel sick. You block the gnoll's attack.
It was a potion of brilliance.
You feel clever all of a sudden.
* * * LOW HITPOINT WARNING * * *
You feel sick.
It was a potion of degeneration.
There was something very wrong with that liquid.
You feel weakened.
You feel dopey.
You feel clumsy.
* * * LOW HITPOINT WARNING * * *
You feel sick. The gnoll misses you.
Unknown command.
* * * LOW HITPOINT WARNING * * *
You feel sick.
You hit the orc.
The orc is heavily wounded.
You hit the gnoll. You hit the plant but do no damage.
* * * LOW HITPOINT WARNING * * *
You feel sick. You block the gnoll's attack. The orc hits you with a dagger.
You die...

♣.♣......#♣♣.....##.#..........#
♣..P.P.♣♣ ♣.P......).......>###
...♣P♣{{PP♣.♣.P♣♣.........#####
# ♣♣ ♣ ♣o♣♣♣♣.P.♣♣♣.♣....#.## #
♣..PP♣♣P..♣.P.♣♣♣..#.# #
.P..♣.♣...P♣PP..♣♣..#.########
...♣.♣......♣♣..P♣PP..#......)..
..#... o
$♣..♣.o♣.♣#...########## . ..%.
.... ♣..P@..##......... . . ._.
.# .P♣.Pg♣♣.♣..###########
....(. ..
.♣.)♣♣♣♣..........#...# §P.P..
♣P.......##.#.#.#
♣♣.P.♣P.{..##.†.##.#.#.#
♣P.♣♣.PP..##...##.#.#.# .P♣
♣....###..)##...... ♣P. .......
#..).....#.. .....######
############


You could see a gnoll and an orc.

Vanquished Creatures
  Ijyb (D:2)
  An orc wizard (D:3)
  4 adders
  A gnoll (D:3)
  2 worms (D:2)
  A dart slug (D:2)
  3 leopard geckos
  8 orcs (D:3)
  2 bats
  16 giant cockroaches
  5 goblins
  5 hobgoblins
  6 jackals
  4 quokkas
  A ball python (D:2)
  10 frilled lizards
  4 kobolds (D:1)
  4 rats
78 creatures vanquished.

Vanquished Creatures (others)
  A plant (D:3)
1 creature vanquished.

Grand Total: 79 creatures vanquished

Notes
Turn   | Place    | Note
-------+----------+-------------------------------------------
     0 | D:1      | Jarno the Formicid Fighter began the quest for the Orb.
     0 | D:1      | Reached XP level 1. HP: 18/18 MP: 1/1
   104 | D:1      | Found a sparkling altar of Nemelex Xobeh.
   184 | D:1      | Reached XP level 2. HP: 24/24 MP: 2/2
   482 | D:1      | Reached XP level 3. HP: 29/29 MP: 3/3
  1015 | D:2      | Reached XP level 4. HP: 22/35 MP: 4/4
  1104 | D:2      | Found a faded altar of an unknown god.
  1156 | D:2      | Noticed Ijyb
  1171 | D:2      | Killed Ijyb
  1171 | D:2      | Reached skill level 1 in Dodging
  1171 | D:2      | Reached XP level 5. HP: 23/41 MP: 5/5
  1689 | D:3      | Found a hide-covered altar of Uskayaw.
  1938 | D:3      | Reached XP level 6. HP: 16/48 MP: 6/6
  1945 | D:3      | Slain by an orc

Skill      XL: |  1  2  3  4  5 |
---------------+----------------+-----
Armour         | 4 |  4.3
Shields        | 4 |  4.2
Axes           | 3 4 |  4.1
Dodging        | 1 |  1.0
Fighting       | |  3.8

Action                   |  1- 3 |  4- 6 || total
-------------------------+-------+-------++-------
Melee: War axe           |    90 |   137 ||   227
  Use: Potion            |       |     3 ||     3
  Eat: Chunk             |       |     4 ||     4
Armor: Scale mail        |    37 |    63 ||   100
Dodge: Dodged            |    28 |    56 ||    84
Block: Shield            |    49 |    85 ||   134
